 Dungeon Crawl Stone Soup version 0.24.1 (webtiles) character file.

Game seed: 15838357834061084101, levelgen mode: deterministic

165 Frank2 the Cudgeler (level 5, 0/40 HPs)
             Began as a Demonspawn Gladiator on Mar 24, 2020.
             Slain by an iguana (13 damage)
             ... on level 3 of the Dungeon.
             The game lasted 00:04:21 (2143 turns).

Frank2 the Cudgeler (Demonspawn Gladiator)          Turns: 2143, Time: 00:04:21

Health: 0/40       AC:  8    Str: 14    XL:     5   Next: 22%
Magic:  5/5        EV: 12    Int: 10    God:
Gold:   193        SH:  0    Dex: 15    Spells: 4/4 levels left

rFire    . . .     SeeInvis .   a - +1 flail
rCold    . . .     Gourm    .   (no shield)
rNeg     + . .     Faith    .   i - +0 ring mail
rPois    .         Spirit   .   c - +1 helmet
rElec    .         Reflect  .   (no cloak)
rCorr    .         Harm     +   (no gloves)
MR       .....                  (no boots)
Stlth    +.........             e - amulet of harm
HPRegen  0.13/turn              v - ring of positive energy
MPRegen  0.09/turn              (no ring)

@: no status effects
A: rugged brown scales 1, foul stench 1, rot immunity
a: no special abilities


You were on level 3 of the Dungeon.
You were hungry.

You visited 1 branch of the dungeon, and saw 4 of its levels.

You collected 193 gold pieces.

Inventory:

Hand Weapons
 a - a +1 flail (weapon)
Missiles
 d - 3 throwing nets (quivered)
Armour
 c - a +1 helmet (worn)
 i - a +0 ring mail (worn)
Jewellery
 e - an amulet of harm (around neck)
 v - a ring of positive energy (left hand)
 x - an uncursed amulet of regeneration {unknown}
Wands
 r - a wand of polymorph (8)
Scrolls
 g - a scroll of random uselessness {unknown}
 h - a scroll of fear
 u - a scroll of remove curse
 w - 2 scrolls of teleportation
Potions
 b - a potion of lignification {unknown}
 j - 2 potions of heal wounds {unknown}
 k - 2 potions of might {unknown}
 m - 4 potions of agility
 p - a potion of curing {unknown}
 q - 3 potions of brilliance {unknown}
 t - a potion of magic {unknown}
Comestibles
 f - 5 rations


   Skills:
 + Level 2.4 Fighting
 + Level 4.4 Maces & Flails
 - Level 1.7 Throwing
 + Level 1.6 Armour
 + Level 3.2 Dodging
 * Level 0.4 Evocations


You had 4 spell levels left.
You didn't know any spells.
Your spell library contained the following spells:

 Spells                   Type           Power        Failure   Level  Hunger
 Animate Skeleton         Necr           N/A          61%         1    ##.....
 Pain                     Necr           #...         61%         1    ##.....
 Regeneration             Chrm/Necr      #.........   93%         3    ####...
 Vampiric Draining        Necr           #.........   93%         3    ####...
 Animate Dead             Necr           N/A          100%        4    #####..


Dungeon Overview and Level Annotations

Branches:
Dungeon (4/15)
 Temple: D:4-7

Altars:
Elyvilon
Kikubaaqudgha
Nemelex Xobeh
Qazlal


Innate Abilities, Weirdness & Mutations

You are partially covered in rugged brown scales. (AC +1, +3% HP)
You may emit foul miasma when damaged in melee.
You are immune to rotting.


Message History

An ogre comes into view. It is wielding a +0 giant club.
You closely miss the iguana.
The ogre shouts!
The iguana barely misses you.
You hit the iguana.
The iguana is lightly wounded.
The iguana bites you!
* * * LOW HITPOINT WARNING * * *
The iguana looks sick.
You emit a cloud of foul miasma!
Found a shimmering mace.
The iguana looks more healthy.
You see here 19 gold pieces.
There is a stone staircase leading up here.
The iguana closely misses you.
You climb upwards.
There is a stone staircase leading down here.
You hit the iguana.
The iguana is heavily wounded.
The iguana bites you!
You die...

.')...#........#.#
.####.#........#.# ##
#.......##.#.#
#####.#####....#.#
#.....# ######.#
#.##### #.##### #...#
#.....#
.##.############l###.#
................@# #.#
..........######.# #.#
..........# #.# #.#
..........## #.###.#
...........# #.....#
...........# #######
#..>.......#
#.........##
#.........#


You could see an iguana.

Vanquished Creatures
  A jelly (D:3)
  2 adders
  A river rat (D:4)
  2 oozes
  A worm (D:2)
  A dart slug (D:2)
  A leopard gecko (D:1)
  8 orcs
  A ball python (D:1)
  4 bats
  7 giant cockroaches
  13 goblins
  6 hobgoblins
  7 jackals
  A quokka (D:2)
  2 frilled lizards
  9 kobolds
  12 rats
79 creatures vanquished.

Notes
Turn   | Place    | Note
-------+----------+-------------------------------------------
     0 | D:1      | Frank2 the Demonspawn Gladiator began the quest for the
                  | Orb.
     0 | D:1      | Reached XP level 1. HP: 16/16 MP: 1/1
    93 | D:1      | Reached skill level 3 in Maces & Flails
    93 | D:1      | Gained mutation: You are immune to rotting. [demonic
                  | ancestry]
    93 | D:1      | Reached XP level 2. HP: 16/22 MP: 2/2
   446 | D:1      | Gained mutation: You are partially covered in rugged brown
                  | scales. (AC +1, +3% HP) [demonic ancestry]
   446 | D:1      | Reached XP level 3. HP: 16/27 MP: 3/3
   860 | D:2      | Reached skill level 1 in Armour
   907 | D:2      | Found a faded altar of an unknown god.
  1103 | D:2      | Gained mutation: You may emit foul miasma when damaged in
                  | melee. [demonic ancestry]
  1103 | D:2      | Reached XP level 4. HP: 28/33 MP: 4/4
  1143 | D:2      | Found a sparkling altar of Nemelex Xobeh.
  1149 | D:2      | Found an ancient bone altar of Kikubaaqudgha.
  1152 | D:2      | Found a white marble altar of Elyvilon.
  1189 | D:2      | Found a sparkling altar of Nemelex Xobeh.
  1609 | D:3      | Reached skill level 4 in Maces & Flails
  1816 | D:3      | Found a stormy altar of Qazlal.
  2072 | D:4      | Reached XP level 5. HP: 33/40 MP: 5/5
  2124 | D:4      | Noticed an ogre
  2143 | D:3      | Slain by an iguana

Levels and vault maps discovered:
D:1:      elethiomel_arrival_shortcut, layout_rooms
D:2:      layout_loops_cross, grunt_temple_overflow_diamond,
          chequers_ecumenical_altar_simple, nemelex_diamond_rough_becter
D:3:      minmay_door_path, layout_basic, lemuel_crystal_altar
D:4:      layout_cave_pools, lightli_temple_of_fire, kennysheep_mini_moat,
          minmay_temple_entry_mini_moons, portal_sewer_entry_a

Skill      XL: |  1  2  3  4 |
---------------+-------------+-----
Maces & Flails | 3 4 |  4.4
Dodging        | 3 |  3.2
Armour         | 1 |  1.6
Fighting       | |  2.4
Throwing       | |  1.7
Evocations     | |  0.4

Action                   |  1- 3 |  4- 6 || total
-------------------------+-------+-------++-------
Melee: Flail             |   166 |   118 ||   284
  Use: Scroll            |     6 |     3 ||     9
  Eat: Chunk             |       |     4 ||     4
Armor: Leather armour    |     8 |       ||     8
       Ring mail         |    94 |    40 ||   134
Dodge: Dodged            |   132 |    72 ||   204
